 Dungeon Sprint DCSS version 0.29.1-15-g9cfb28693d (webtiles) character file.

Game seed: 18430480926807333260

1456 LynnLen the Jinx (level 8, -1/44 HPs)
             Began as a Spriggan Enchanter on Aug 11, 2023.
             Was an Initiate of Dithmenos.
             Shot with an arrow by a centaur warrior (20 damage)
             ... in the Dungeon (Sprint I: "Red Sonja").
             The game lasted 00:03:06 (539 turns).

LynnLen the Jinx (Spriggan Enchanter)                Turns: 539, Time: 00:03:07

Health: -1/44      AC:  2    Str:  6    XL:     8   Next: 47%
Magic:  18/21      EV: 23    Int: 16    God:    Dithmenos [......]
Gold:   708        SH:  0    Dex: 16    Spells: 16/24 levels left

rFire   . . .      SeeInvis +   a - +1 dagger
rCold   . . .      Faith    .   (no shield)
rNeg    . . .      Spirit   .   b - +0 robe
rPois   .          Reflect  .   (helmet restricted)
rElec   .          Harm     .   (no cloak)
rCorr   .          Rampage  .   (gloves unavailable)
Will    +....      NoTele   +   (boots unavailable)
Stlth   +++++.....              (no amulet)
HPRegen 0.14/turn               (no ring)
MPRegen 0.17/turn               (no ring)

@: invisible, very quick
A: very small, no large weapons, unfitting armour, see invisible, speed 3
a: Renounce Religion


You were in the Dungeon.
You worshipped Dithmenos.
Dithmenos was noncommittal.
You visited 1 branch You collected 719 gold pieces.
You spent 11 gold pieces at shops.

Inventory:

Hand Weapons
 a - a +1 dagger (weapon)
Armour
 b - a +0 robe (worn)
Wands
 j - a wand of light (8)
Scrolls
 i - a scroll of blinking
 k - a scroll of enchant weapon {unknown}
Potions
 d - 3 potions of curing
 f - 2 potions of haste
 g - 2 potions of magic
 h - a potion of berserk rage


   Skills:
 + Level 5.4 Fighting
 * Level 7.4 Short Blades
 + Level 9.7 Dodging
 + Level 11.6 Stealth
 * Level 8.5 Spellcasting
 - Level 12.0 Hexes
 - Level 5.0 Ice Magic


You had 16 spell levels left.
You knew the following spells:

 Your Spells              Type           Power      Damage    Failure   Level
a - Ensorcelled Hibernat  Hex/Ice        68%        N/A       1%          2
b - Confusing Touch       Hex            45%        N/A       1%          3
c - Tukima's Dance        Hex            45%        N/A       1%          3

Your spell library contained the following spells:

 Spells                   Type           Power      Damage    Failure   Level
 Dazzling Flash           Conj/Hex       52%        N/A       2%          3


Dungeon Overview and Level Annotations

Branches:
Dungeon (1/1)

Altars:
Cheibriados
Dithmenos
Elyvilon
Fedhas
Gozag
Hepliaklqana
Kikubaaqudgha
Nemelex Xobeh
Okawaru
Qazlal
Ru
Sif Muna
Trog
Uskayaw
Vehumet
Wu Jian
Yredelemnul
Zin
The Shining One

Shops:
D (![


Innate Abilities, Weirdness & Mutations

You are very small and have problems with some larger weapons.
You are too small for most types of armour.
You have supernaturally acute eyesight. (SInv)
You cover ground extremely quickly. (Speed+++)


Message History

There is an entrance to Ydom's Armour Emporium here.
Okay, then.
Okay, then.
You see here 4 stones.
There is an open door here.
You start resting.
Magic restored.
You open the door.
Found a dagger, 4 curare-tipped darts and a leather armour.
Found a falchion.
There is an open door here.
You see here a +0 dagger.
You open the door.
A centaur warrior comes into view.
The centaur warrior moves out of view.
A centaur warrior comes into view.
Found a fluorescent wand.
The centaur warrior shouts! x2
The centaur warrior wields a +0 shortbow.
The centaur warrior shoots an arrow.
The arrow hits you!!
The centaur warrior wields a +0 shortbow.
The centaur warrior shoots an arrow.
The arrow hits you!!
Ouch! That really hurt!
* * * LOW HITPOINT WARNING * * *
Found a pair of runed boots.
There is an open door, spattered with blood here.
You see here 4 curare-tipped darts.
Which direction?
You close the door.
You fade into invisibility!
Something unseen opens the door.
You feel much better.
A centaur warrior opens the door.
Aiming: Tukima's Dance (safe; 1% risk of failure)
Press: ? - help, Q - select action, (/) - cycle Shift-Dir - straight line, f - centaur warrior
Aim: a centaur warrior, wielding a +0 shortbow (purple smoke, unable to see you, chance to affect: 51%)
The centaur warrior resists with significant effort.
The centaur warrior shoots an arrow.
The arrow barely misses you.
The centaur warrior shoots an arrow.
The arrow hits the centaur warrior.
The centaur warrior shoots an arrow.
The arrow hits you!!
You die...

.#..'..#.)'..#
.').#.)'..#..+
.#####'#####'# #
.####..#...#)####§§#
.#__####..##[#§~§§c#
.#_____##'#_.'c§§§.+
⌠#_.∩!.†'..._#~c§.c#
##_..__##_.#+##'###
#_____###'# #[)@)###
##########.####'###.##
........'...'.....'(∩#
#++++####.).##########
###.### #.#'#.#
#.....# #.....#
#######


You could see 2 centaur warriors.

Vanquished Creatures
  Sonja (D)
  A deep troll (D)
  Sigmund (D)
  A yak (D)
  An ogre (D)
  A jelly (D)
  Ijyb (D)
  A ballistomycete spore (D)
8 creatures vanquished.

Vanquished Creatures (others)
  A gargoyle (D)
  A ballistomycete spore (D)
2 creatures vanquished.

Grand Total: 10 creatures vanquished

Notes
Turn   | Place    | Note
-------+----------+-------------------------------------------
     0 | D        | LynnLen the Spriggan Enchanter began the quest for the Orb.
     0 | D        | Reached XP level 1. HP: 9/9 MP: 5/5
     2 | D        | Noticed Ijyb
    12 | D        | Killed Ijyb
    13 | D        | Reached skill level 1 in Fighting
    13 | D        | Reached skill level 5 in Stealth
    13 | D        | Reached skill level 5 in Hexes
    13 | D        | Reached XP level 2. HP: 11/14 MP: 5/7
    17 | D        | Noticed an ogre
    20 | D        | Killed an ogre
    21 | D        | Reached skill level 5 in Dodging
    21 | D        | Reached skill level 6 in Hexes
    21 | D        | Reached XP level 3. HP: 15/19 MP: 6/10
    21 | D        | Reached XP level 4. HP: 19/23 MP: 6/11
    22 | D        | Noticed Sigmund
    25 | D        | Killed Sigmund
    26 | D        | Reached skill level 5 in Short Blades
    26 | D        | Reached skill level 8 in Hexes
    26 | D        | Reached XP level 5. HP: 24/29 MP: 7/14
    26 | D        | Reached XP level 6. HP: 27/33 MP: 8/16
    57 | D        | Learned a level 2 spell: Ensorcelled Hibernation
    61 | D        | Learned a level 3 spell: Confusing Touch
    65 | D        | Learned a level 3 spell: Tukima's Dance
    92 | D        | Found a shimmering blue altar of Sif Muna.
    93 | D        | Found an ornate altar of the Wu Jian Council.
    94 | D        | Found a radiant altar of Vehumet.
   101 | D        | Reached skill level 9 in Hexes
   144 | D        | Found Duquec's Distillery.
   144 | D        | Found an ancient bone altar of Kikubaaqudgha.
   144 | D        | Found a hazy altar of Hepliaklqana.
   144 | D        | Found a stormy altar of Qazlal.
   144 | D        | Found a hide-covered altar of Uskayaw.
   144 | D        | Found a blossoming altar of Fedhas.
   144 | D        | Found a bloodstained altar of Trog.
   144 | D        | Found an iron altar of Okawaru.
   144 | D        | Found a basalt altar of Yredelemnul.
   144 | D        | Found a glowing golden altar of the Shining One.
   144 | D        | Found a snail-covered altar of Cheibriados.
   144 | D        | Found a sacrificial altar of Ru.
   144 | D        | Found a glowing silver altar of Zin.
   144 | D        | Found a shadowy altar of Dithmenos.
   144 | D        | Found a white marble altar of Elyvilon.
   144 | D        | Noticed a yak
   145 | D        | Found an opulent altar of Gozag.
   146 | D        | Killed a yak
   147 | D        | Found a sparkling altar of Nemelex Xobeh.
   153 | D        | Became a worshipper of Dithmenos the Shadowed
   158 | D        | Bought a potion of degeneration for 11 gold pieces
   167 | D        | Noticed Sonja
   171 | D        | Killed Sonja
   172 | D        | Reached skill level 5 in Fighting
   172 | D        | Reached skill level 10 in Stealth
   172 | D        | Reached skill level 11 in Hexes
   172 | D        | Reached XP level 7. HP: 39/39 MP: 17/19
   191 | D        | Found Zaderum's Weapon Boutique.
   425 | D        | Killed a gargoyle
   480 | D        | Noticed a deep troll
   492 | D        | Killed a deep troll
   493 | D        | Reached skill level 12 in Hexes
   493 | D        | Reached skill level 5 in Ice Magic
   493 | D        | Reached XP level 8. HP: 44/44 MP: 16/21
   506 | D        | Found Ydom's Armour Emporium.
   533 | D        | Noticed a centaur warrior
   534 | D        | Noticed a centaur warrior
   534 | D        | HP: 2/44 [centaur warrior/arrow (23)]
   539 | D        | Shot with an arrow by a centaur warrior

Illustrated notes

Levels and vault maps discovered:
D:        dungeon_sprint_1 [red_sonja_temple_1, red_sonja_temple_small_1]

Skill      XL: |  1  2  3  4  5  6  7 |
---------------+----------------------+-----
Fighting       | 1 2 3 5 |  5.4
Short Blades   | 2 3 5 6 7 |  7.4
Dodging        | 3 5 6 8 9 |  9.7
Stealth        | 5 7 8 10 11 | 11.6
Spellcasting   | 3 4 6 7 8 |  8.5
Hexes          | 5 6 8 11 12 | 12.0
Ice Magic      | 4 5 |  5.0

Action                   |  1- 3 |  4- 6 |  7- 9 || total
-------------------------+-------+-------+-------++-------
Melee: Dagger            |    10 |     5 |     2 ||    17
 Cast: Ensorcelled Hiber |       |     1 |     2 ||     3
       Tukima's Dance    |       |       |     1 ||     1
  Use: Potion            |     1 |       |     2 ||     3
 Stab: Invisible         |     2 |       |       ||     2
       Sleeping          |     1 |     4 |     2 ||     7
Armor: Robe              |     1 |       |       ||     1
Dodge: Dodged            |     5 |     2 |     1 ||     8
